 Dungeon Crawl Stone Soup version 0.27.1-4-g1640c2035a (webtiles) character file.

Game seed: 6501322374198269010

94 ANNNA the Magician (level 4, -2/24 HPs)
             Began as a Deep Elf Venom Mage on Nov 16, 2021.
             Shot with a stone by a goblin (5 damage)
             ... on level 3 of the Dungeon.
             The game lasted 00:05:53 (2986 turns).

ANNNA the Magician (Deep Elf Venom Mage)            Turns: 2986, Time: 00:05:54

Health: -2/24      AC:  5    Str:  9    XL:     4   Next: 38%
Magic:  12/12      EV: 13    Int: 20    God:
Gold:   155        SH:  0    Dex: 21    Spells: 5/11 levels left

rFire    + . .     SeeInvis .   l - +0 dagger (speed)
rCold    . . .     Faith    .   (no shield)
rNeg     . . .     Spirit   .   a - +0 robe
rPois    .         Reflect  .   (no helmet)
rElec    .         Harm     .   (no cloak)
rCorr    .         Rampage  .   j - +2 pair of gloves {Str+3}
Will     .....                  (no boots)
Stlth    +++.......             (no amulet)
HPRegen  0.08/turn              d - ring of protection from fire
MPRegen  0.13/turn              o - +6 ring of dexterity

@: no status effects
A: no striking features
a: no special abilities


You were on level 3 of the Dungeon.
You visited 1 branch of the dungeon, and saw 3 of its levels.

You collected 155 gold pieces.

Inventory:

Hand Weapons
 l - a +0 dagger of speed (weapon)
Missiles
 m - 30 stones (quivered)
 p - a throwing net
Armour
 a - a +0 robe (worn)
 j - a +2 pair of gloves of strength (worn)
Jewellery
 d - a ring of protection from fire (left hand)
 o - a +6 ring of dexterity (right hand)
 r - a ring of ice
Scrolls
 b - 2 scrolls of teleportation {unknown}
 e - a scroll of fog {unknown}
 f - a scroll of amnesia {unknown}
 h - a scroll of magic mapping {unknown}
 i - a scroll of identify {unknown}
 k - a scroll of blinking {unknown}
 n - 2 scrolls of fear {unknown}
Potions
 c - a potion of berserk rage {unknown}
 g - 2 potions of degeneration {unknown}
 q - a potion of cancellation {unknown}


   Skills:
 + Level 0.2 Fighting
 + Level 0.8 Short Blades
 + Level 3.0 Dodging
 + Level 2.8 Stealth
 + Level 4.2 Spellcasting
 + Level 1.9 Transmutations
 + Level 0.2 Air Magic
 + Level 4.0 Poison Magic


You had 5 spell levels left.
You knew the following spells:

 Your Spells              Type           Power      Damage    Failure   Level
a - Sting                 Tmut/Pois      64%        1d6       3%          1
b - Poisonous Vapours     Pois/Air       24%        N/A       8%          2
c - Mephitic Cloud        Conj/Pois/Air  9%         N/A       22%         3

Your spell library contained the following spells:

 Spells                   Type           Power      Damage    Failure   Level
 Olgreb's Toxic Radiance  Pois           20%        N/A       24%         4


Dungeon Overview and Level Annotations

Branches:
Dungeon (3/15)

Altars:

Shops:
D:1 *

Annotations:
D:3 Grinder


Message History

Aiming: Sting (safe; 3% risk of failure)
Press: ? - help, Shift-Dir - straight line, f - hobgoblin
Aim: a hobgoblin (74% to hit)
The sting hits the hobgoblin.
The hobgoblin is poisoned.
The hobgoblin is severely wounded.
You kill the hobgoblin!
There is a stone staircase leading up here.
Found a brass ring.
Found 12 sling bullets.
You now have 155 gold pieces (gained 9).
You see here a ring of ice.
r - a ring of ice Grinder says, "Don't move a muscle."
Grinder gestures at you. Pain shoots through your body!
Grinder gestures at you.
You barely resist. Grinder gestures at you. You resist with significant effort.
Grinder gestures at you. Pain shoots through your body!
An orc comes into view. It is wielding a +0 club.
The orc moves out of view.
Grinder barely misses you.
An orc comes into view. It is wielding a +0 flail.
Grinder says, "There's only one good use for a tongue: cutting it out."
A rat and an orc come into view.
The orc shouts! x2
An orc comes into view. It is wielding a +0 hand axe.
The goblin unwields a +0 club.
The goblin wields a +0 hunting sling.
The goblin shoots a stone.
The stone barely misses you.
You hear a shout!
Grinder says, "My boss said I was rubbish.
His entrails said otherwise."
There is a stone staircase leading up here.
The orc closely misses you. Grinder hits you!
* * * LOW HITPOINT WARNING * * *
You writhe in agony.
* * * LOW HITPOINT WARNING * * *
The goblin shoots a stone.
The stone hits you.
You die...

.................
...........##### .
...........######. ..
...........$......r..
.(..........#.###....
........$.#.#.##.....
..#........w........
####..#.....5##.....
#.....##..@.......
...### ###.o....## ..
.g....## #..#....o.
..###oo... (.# ....#
.# ..... ## .l..


You could see Grinder, a worm, 4 orcs, a goblin and a frilled lizard
(wandering).

Vanquished Creatures
  An orc wizard (D:2)
  An adder (D:2)
  2 dart slugs (D:1)
  4 orcs
  6 bats
  5 endoplasms
  3 giant cockroaches
  5 goblins
  4 hobgoblins
  3 kobolds
  3 quokkas (D:1)
  5 ball pythons
  2 frilled lizards
  5 rats
49 creatures vanquished.

Notes
Turn   | Place    | Note
-------+----------+-------------------------------------------
     0 | D:1      | ANNNA the Deep Elf Venom Mage began the quest for the Orb.
     0 | D:1      | Reached XP level 1. HP: 10/10 MP: 6/6
    39 | D:1      | Found a faded altar of an unknown god.
   103 | D:1      | Found Inenak's Assorted Antiques.
   356 | D:1      | Reached XP level 2. HP: 15/15 MP: 5/8
   359 | D:1      | Learned a level 2 spell: Poisonous Vapours
  1460 | D:2      | Reached XP level 3. HP: 10/19 MP: 0/10
  1544 | D:2      | Learned a level 3 spell: Mephitic Cloud
  2225 | D:2      | Reached XP level 4. HP: 24/24 MP: 12/12
  2946 | D:3      | Noticed Grinder
  2986 | D:3      | Shot with a stone by a goblin

Illustrated notes

Levels and vault maps discovered:
D:1:      wander_arrival_desolate, layout_basic, serial_shops,
          nicolae_shop_statue_plus, hellmonk_ecumenical_altar_run_dry,
          minmay_ruptured
D:2:      layout_loops_cross, minivault_5
D:3:      layout_rooms, mainiacjoe_overflow_tiny_flanked, uniq_sigmund,
          uniq_grinder, uniq_crazy_yiuf_cottage

Skill      XL: |  1  2  3  4 |
---------------+-------------+-----
Spellcasting   | 4 |  4.2
Poison Magic   | 4 |  4.0
Dodging        | 3 |  3.0
Fighting       | |  0.2
Short Blades   | |  0.8
Stealth        | |  2.8
Transmutations | |  1.9
Air Magic      | |  0.2

Action                   |  1- 3 |  4- 6 || total
-------------------------+-------+-------++-------
Melee: Unarmed           |     3 |       ||     3
       Dagger            |    32 |    13 ||    45
 Cast: Sting             |    44 |    22 ||    66
       Poisonous Vapours |    18 |     3 ||    21
 Stab: Sleeping          |     3 |       ||     3
       Distracted        |     1 |       ||     1
Armor: Robe              |    35 |     3 ||    38
Dodge: Dodged            |    53 |    18 ||    71
